 Dungeon Crawl Stone Soup version 0.31.0-4-g52a2dc7128 (webtiles) character file.

Game seed: 13434818375068066448

1456 MollyMolluskus the Ruffian (level 8, -3/49 (55) HPs)
             Began as an Octopode Fighter on Jan 21, 2024.
             Was a Follower of Wu Jian.
             Slain by a wight
             ... wielding a +0 mace
              (13 damage)
             ... on level 5 of the Dungeon.
             The game lasted 00:17:47 (4469 turns).

MollyMolluskus the Ruffian (Octopode Fighter)       Turns: 4469, Time: 00:17:48

HP:   -3/49 (55)    AC:  1    Str: 17    XL:     8   Next: 76%
MP:   8/8           EV: 14    Int: 11    God:    Wu Jian [*.....]
Gold: 139           SH: 11    Dex: 11    Spells: 7/7 levels left

rFire   + .          .
                       - Unarmed
rCold   . . .        a - +1 buckler
rNeg    . . .        (helmet restricted)
rPois   .            n - amulet of reflection
rElec   .            k - ring of willpower
rCorr   .            o - ring of protection from fire
SInv    .            (no ring)
Will    +....        (no ring)
Stlth   ++++         (no ring)
HPRegen 0.28/turn    (no ring)
MPRegen 0.11/turn    (no ring)
                     (no ring)

%: reflection
@: studying Unarmed Combat, heavily drained
A: almost no armour, amphibious, 8 rings, camouflage 1, gelatinous body 1,
(nimble swimmer 1), tentacles
a: Renounce Religion


You were on level 5 of the Dungeon.
You worshipped Wu Jian.
Wu Jian was aware of your devotion.
You visited 2 branches of the dungeon, and saw 7 of its levels.

You collected 285 gold pieces.
You spent 146 gold pieces at shops.

Inventory:

Missiles
 f - 5 poisoned darts
 g - 23 stones (quivered)
Armour
 a - a +1 buckler (worn)
Jewellery
 k - a ring of willpower (left tentacle)
 n - an amulet of reflection (around mantle)
 o - a ring of protection from fire (right tentacle)
Talismans
 h - a maw talisman
Wands
 l - a wand of flame (18)
 m - a wand of iceblast (12)
Scrolls
 j - a scroll of teleportation
 r - 4 scrolls of identify
Potions
 b - 3 potions of might
 c - a potion of resistance
 d - a potion of enlightenment
 e - 2 potions of curing
 i - 2 potions of attraction


   Skills:
 + Level 5.1 Fighting
 + Level 5.1 Dodging
 + Level 5.8 Stealth
 + Level 5.0 Shields
 + Level 7.2 Unarmed Combat
 + Level 3.3 Shapeshifting


You had 7 spell levels left.
You didn't know any spells.
Your spell library contained the following spells:

 Spells                   Type           Power      Damage    Failure   Level
 Apportation              Tloc           0%         N/A       41%         1
 Freeze                   Ice            0%         1d3       41%         1
 Sting                    Conj/Alch      0%         1d3       41%         1
 Jinxbite                 Hex            0%         N/A       56%         2
 Mercury Vapours          Alch/Air       0%         N/A       56%         2
 Frozen Ramparts          Ice            0%         1d1       80%         3
 Hailstorm                Conj/Ice       0%         3d5       80%         3
 Volatile Blastmotes      Fire/Tloc      0%         2d10      80%         3
 Fulminant Prism          Conj/Alch      0%         3d5       99%         4
 Iskenderun's Mystic Bla  Conj/Tloc      0%         2d3       99%         4
 Olgreb's Toxic Radiance  Alch           0%         N/A       99%         4
 Alistair's Intoxication  Alch           0%         N/A       100%        5


Dungeon Overview and Level Annotations

Branches:
Dungeon (6/15)             Temple (1/1) D:4

Altars:
Cheibriados
Elyvilon
Fedhas
Gozag
Hepliaklqana
Kikubaaqudgha
Makhleb
Nemelex Xobeh
Okawaru
Qazlal
Ru
Uskayaw
Wu Jian
Yredelemnul
The Shining One

Shops:
D:1 :   D:3 ?   D:4 [   D:5 *


Innate Abilities, Weirdness & Mutations

You cannot wear most types of armour.
You are amphibious.
You can wear up to eight rings at the same time.
Your skin changes colour to match your surroundings (Stealth+).
Your rubbery body absorbs attacks. (AC +1, EV +1)
((You are camouflaged when in or above water. (Stealth+)))
You have tentacles for arms and can constrict up to eight enemies at once.


Message History

You constrict the wight, but do no damage.
The wight closely misses you.
You release your grip on the wight.
You block the wight's attack. The wight misses you.
You climb upwards.
There is a stone staircase leading down here.
You spin and attack the wight.
You tentacle-slap the wight but do no damage.
Your grab misses the wight.
You spin and attack the wight.
You closely miss the wight.
The wight is moderately damaged.
The wight hits you with a +0 mace.
You feel drained. The wight hits you with a +3 hand axe.
You barely miss the wight. Your grab misses the wight. You squeeze the wight.
The wight is moderately damaged.
You block the wight's attack. The wight closely misses you.
You tentacle-slap the wight but do no damage.
You grab the wight. Your squeeze misses the wight.
The wight is moderately damaged.
You constrict the wight. The wight hits you with a +0 mace.
You feel drained. The wight hits you with a +3 hand axe!
You feel drained.
You barely miss the wight. You grab the wight.
You constrict the wight, but do no damage.
You constrict the wight. The wight closely misses you.
The wight hits you with a +3 hand axe!
* * * LOW HITPOINT WARNING * * *
You feel better.
You constrict the wight.
You constrict the wight, but do no damage.
The wight barely misses you. The wight hits you with a +3 hand axe!
* * * LOW HITPOINT WARNING * * *
Okay, then.
You feel better.
You constrict the wight. x2
The wight hits you with a +0 mace!
* * * LOW HITPOINT WARNING * * *
You block the wight's attack.
You completely miss the wight.
You squeeze the wight, but do no damage.
The wight is severely damaged.
You constrict the wight. x2; The wight hits you with a +0 mace!
You die...

#...........<..# ##.........
#####...#......# ######..........
#..........# #...............
##.##......###.#####....).... #
#.##................###.#### ##
##............######...<..... .#
#...#..>...##########........ .#
##...#.......>z...............
.###.).##......z@................
...#..###................###.####
##.[..##............[....###.#
##........####..............####
##.........# ###)####.#####.>..#
.......#..## #.# #.## #.##..
..........## ##.####..####.####
.##.#...)..#####...............^.
....#...#...........####'#######'


You could see 2 wights.

Vanquished Creatures
  Sigmund (D:5)
  Edmund (D:5)
  2 ice beasts
  2 ogres (D:5)
  A gnoll sergeant (D:5)
  2 scorpions
  A wight (D:6)
  A howler monkey (D:5)
  2 hounds
  2 bombardier beetles
  Ijyb (D:5)
  4 iguanas
  3 orc wizards (D:5)
  8 gnolls
  7 adders
  14 orcs
  6 ball pythons
  4 endoplasms
  4 giant cockroaches
  4 goblins
  10 hobgoblins
  4 jackals (D:5)
  4 quokkas
  3 bats
  4 frilled lizards (D:1)
  3 kobolds
  5 rats
103 creatures vanquished.

Notes
Turn   | Place    | Note
-------+----------+-------------------------------------------
     0 | D:1      | MollyMolluskus the Octopode Fighter began the quest for the
                  | Orb.
     0 | D:1      | Reached XP level 1. HP: 16/16 MP: 1/1
    71 | D:1      | Found Ozobriab's Book Shoppe.
   129 | D:1      | Reached XP level 2. HP: 10/21 MP: 2/2
   626 | D:1      | Reached skill level 1 in Stealth
   692 | D:1      | Found a faded altar of an unknown god.
   885 | D:2      | Reached XP level 3. HP: 26/26 MP: 3/3
   899 | D:2      | Reached skill level 3 in Unarmed Combat
   956 | D:2      | Reached XP level 4. HP: 25/31 MP: 4/4
  1775 | D:3      | Reached skill level 4 in Unarmed Combat
  1775 | D:3      | Reached skill level 1 in Shapeshifting
  1775 | D:3      | Reached XP level 5. HP: 30/36 MP: 5/5
  2208 | D:3      | Found The Oracle's Delphic Readings.
  2212 | D:3      | Bought a scroll of teleportation for 39 gold pieces
  2212 | D:3      | Bought 3 scrolls of identify for 78 gold pieces
  2303 | D:4      | Reached XP level 6. HP: 22/43 MP: 6/6
  2453 | D:4      | Found a staircase to the Ecumenical Temple.
  2463 | Temple   | Entered the Ecumenical Temple
  2497 | Temple   | Became a worshipper of the Wu Jian Council
  2550 | D:4      | Found an opulent altar of Gozag.
  2690 | D:4      | Noticed an ice beast
  2700 | D:4      | Killed an ice beast
  2701 | D:4      | Reached skill level 5 in Unarmed Combat
  3085 | D:4      | Found Purri's Armour Boutique.
  3356 | D:5      | Entered Level 5 of the Dungeon
  3362 | D:5      | Reached XP level 7. HP: 44/48 MP: 7/7
  3400 | D:5      | Noticed Sigmund
  3405 | D:5      | Killed Sigmund
  3408 | D:5      | Found Meah's Assorted Antiques.
  3416 | D:5      | Reached skill level 6 in Unarmed Combat
  3432 | D:5      | Bought a scroll labelled KUOM MAARO for 29 gold pieces
  3455 | D:5      | Reached * piety under Wu Jian
  3488 | D:5      | Reached XP level 8. HP: 26/54 MP: 8/8
  3743 | D:5      | Reached skill level 5 in Stealth
  3911 | D:5      | Noticed Ijyb
  3919 | D:5      | Killed Ijyb
  4098 | D:5      | Noticed Edmund
  4110 | D:5      | Killed Edmund
  4111 | D:5      | Reached skill level 5 in Fighting
  4111 | D:5      | Reached skill level 5 in Dodging
  4111 | D:5      | Reached skill level 7 in Unarmed Combat
  4371 | D:5      | Reached skill level 5 in Shields
  4469 | D:5      | Slain by a wight

Illustrated notes

Levels and vault maps discovered:
D:1:      lemuel_arrival_behind_the_door_small, layout_basic, serial_shops,
          nicolae_shop_crystal, basic_ecumenical_altar
D:2:      layout_basic
D:3:      corexii_shack_village, layout_basic, serial_glass, glass_columns_c,
          glass_columns_b, grunt_decor_mini_mirrors, hangedman_decor_push,
          nicolae_nh_oracle_at_delphi
D:4:      layout_loops_ring, kennysheep_little_box, temple_fountains,
          serial_shops, shop, roderic_lattice_a
D:5:      layout_rooms, serial_shops, nicolae_shop_peninsula,
          minmay_quadrilaterals, uniq_sigmund, uniq_edmund, uniq_ijyb
D:6:      layout_gridville, serial_shops, nicolae_shop_tiny_statue_garden,
          nicolae_shop_tiny_statue_garden, shop, nicolae_shop_behind_doors
Temple:   compressed_dpeg_circular_temple

Skill      XL: |  1  2  3  4  5  6  7  8 |
---------------+-------------------------+-----
Stealth        | 1 2 3 4 5 |  5.8
Unarmed Combat | 3 4 5 6 7 |  7.2
Shapeshifting  | 1 2 3 |  3.3
Fighting       | 4 5 |  5.1
Dodging        | 4 5 |  5.1
Shields        | 4 5 |  5.0

Action                     |  1- 3 |  4- 6 |  7- 9 || total
---------------------------+-------+-------+-------++-------
  Melee: Unarmed           |    65 |    92 |   122 ||   279
         Constrict         |    20 |    27 |    23 ||    70
         Tentacles         |    13 |    19 |    23 ||    55
         Punch             |     1 |     3 |     7 ||    11
  Throw: Stone             |     1 |     6 |     4 ||    11
Ability: Lunge             |       |     9 |    17 ||    26
         Whirlwind         |       |       |     3 ||     3
    Use: Scroll            |     3 |     8 |     5 ||    16
         Potion            |     3 |     1 |     3 ||     7
   Stab: Sleeping          |     4 |    13 |     7 ||    24
 Armour: Skin              |    28 |    23 |    37 ||    88
  Dodge: Dodged            |    31 |    24 |    26 ||    81
  Block: Buckler           |     8 |    20 |    38 ||    66
